 Dungeon Crawl Stone Soup version 0.22.0-36-g8e74550 (webtiles) character file.

118904 Terandir the Warrior (level 16, -28/160 HPs)
             Began as a Minotaur Fighter on Aug 24, 2018.
             Was the Champion of Cheibriados.
             Killed from afar by a deep elf mage (36 damage)
             ... with a shard of ice
             ... on level 1 of the Elven Halls.
             The game lasted 00:52:24 (22787 turns).

Terandir the Warrior (Minotaur Fighter)            Turns: 22787, Time: 00:52:25

Health: -28/160    AC: 30    Str: 39    XL:     16   Next: 26%
Magic:  31/31      EV: 23    Int: 20    God:    Cheibriados [******]
Gold:   2789       SH:  0    Dex: 34    Spells: 13/15 levels left

rFire    + . .     SeeInvis +   e - +6 great sword (holy)
rCold    . . .     Gourm    .   (shield currently unavailable)
rNeg     . . .     Faith    .   W - +8 chain mail "Yczub" {rF+ MP+9 Str+2}
rPois    .         Spirit   .   b - +2 hat
rElec    .         Reflect  .   B - +1 cloak
rCorr    +         Harm     .   Y - +0 pair of gloves {Dex+3}
MR       +....                  P - +1 pair of boots
Stlth    ..........             v - amulet of regeneration
HPRegen  0.76/turn              M - ring of resist corrosion
MPRegen  0.22/turn              Q - ring of see invisible

@: slowed, studying Fighting, very slow
A: retaliatory headbutt, horns 2
a: Bend Time, Temporal Distortion, Slouch, Step From Time, Renounce Religion


You were on level 1 of the Elven Halls.
You worshipped Cheibriados.
Cheibriados was exalted by your worship.
You were hungry.

You visited 4 branches of the dungeon, and saw 24 of its levels.
You also visited: Labyrinth and Sewer.

You collected 2789 gold pieces.

Inventory:

Hand Weapons
 e - a +6 great sword of holy wrath (weapon)
Missiles
 D - 397 arrows
Armour
 b - a +2 hat (worn)
 B - a +1 cloak (worn)
 P - a +1 pair of boots (worn)
 W - the +8 chain mail "Yczub" (worn) {rF+ MP+9 Str+2}
   (You found it on level 6 of the Lair of Beasts)

   It affects your strength (+2).
   It protects you from fire.
   It affects your magic capacity (+9).
 Y - a +0 pair of gloves of dexterity (worn)
Jewellery
 s - an uncursed ring of flight
 v - an amulet of regeneration (around neck)
 L - an uncursed ring of magical power {unknown}
 M - a ring of resist corrosion (left hand)
 O - an uncursed ring of ice
 Q - a ring of see invisible (right hand)
 T - an uncursed ring of protection from fire
Wands
 i - a wand of scattershot (8)
 n - a wand of paralysis (14)
 u - a wand of digging (45)
 w - a wand of polymorph (39)
 y - a wand of disintegration (65)
 z - a wand of acid (14)
 I - a wand of flame (66)
 N - a wand of iceblast (5)
Scrolls
 a - a scroll of summoning
 o - 5 scrolls of identify
 q - 15 scrolls of teleportation
 x - 2 scrolls of fog
 E - 13 scrolls of remove curse
 F - 3 scrolls of magic mapping
 U - 4 scrolls of blinking
 V - 2 scrolls of fear
Potions
 d - a potion of might
 g - 3 potions of flight
 h - 9 potions of brilliance
 j - 17 potions of curing
 m - 9 potions of heal wounds
 p - 2 potions of mutation
 r - 3 potions of magic
 t - a potion of invisibility
 H - a potion of cancellation
 K - a potion of ambrosia
Books
 X - a manual of Fighting
Miscellaneous
 S - a phantom mirror
Comestibles
 f - 33 rations


   Skills:
 * Level 19.2 Fighting
 * Level 18.9 Long Blades
 * Level 16.0 Armour
 * Level 11.3 Dodging
   Level 3.6 Shields
 * Level 9.5 Invocations


You had 13 spell levels left.
You knew the following spells:

 Your Spells              Type           Power        Failure   Level  Hunger
a - Song of Slaying       Chrm           #.......     56%         2    ###....

Your spell library contained the following spells:

 Spells                   Type           Power        Failure   Level  Hunger
 Infusion                 Chrm           #...         43%         1    ##.....
 Magic Dart               Conj           #...         43%         1    ##.....
 Blink                    Tloc           N/A          56%         2    ###....
 Call Imp                 Summ           #.......     56%         2    ###....
 Searing Ray              Conj           #.....       56%         2    ###....
 Shroud of Golubria       Chrm/Tloc      #.........   56%         2    ###....
 Slow                     Hex            #.......     56%         2    ###....
 Conjure Flame            Conj/Fire      #.......     80%         3    ####...
 Dazzling Spray           Conj/Hex       #.....       80%         3    ####...
 Mephitic Cloud           Conj/Pois/Air  #.......     80%         3    ####...
 Regeneration             Chrm/Necr      #.........   80%         3    ####...
 Spectral Weapon          Hex/Chrm       #.......     80%         3    ####...
 Static Discharge         Conj/Air       #.......     80%         3    ####...
 Force Lance              Conj/Tloc      #.......     99%         4    #####..
 Fulminant Prism          Conj/Hex       #.........   99%         4    #####..
 Iskenderun's Mystic Bla  Conj           #.......     99%         4    #####..
 Irradiate                Conj/Tmut      #.........   100%        5    ######.
 Iskenderun's Battlesphe  Conj/Chrm      #.......     100%        5    ######.
 Hydra Form               Tmut           #.........   100%        6    #######
 Statue Form              Tmut/Erth      #........    100%        6    #######
 Dragon Form              Tmut           #.........   100%        7    #######


Dungeon Overview and Level Annotations

Branches:
Dungeon (15/15)            Temple (0/1) D:6            Lair (6/6) D:8
  Swamp (0/4) Lair:2       Spider (0/4) Lair:4        Slime (0/5) Lair:5
    Orc (2/2) D:12            Elf (1/3) Orc:2        Vaults (0/5) D:14
 Depths (0/5) D:15

Altars:
Ashenzari
Cheibriados
Kikubaaqudgha
Nemelex Xobeh
Ru
Trog
Uskayaw
Xom
Zin
The Shining One
Lugonu

Shops:
D:8 :   D:12 :   Orc:1 %   Orc:2 [=(%

Portals:
Trove: D:12 (give +2 storm dragon scales)
Ice
Cave: Elf:1


Innate Abilities, Weirdness & Mutations

You reflexively headbutt those who attack you in melee.
You have a pair of horns on your head.


Message History

You closely miss the deep elf archer.
The deep elf archer is severely wounded.
The deep elf archer closely misses you. You furiously retaliate!
You headbutt the deep elf archer, but do no damage.
The deep elf mage casts a spell at you. The shard of ice hits you!
* * * LOW HITPOINT WARNING * * *
The deep elf archer gestures at you while chanting.
You resist with some effort.
You are too injured to fight recklessly!
Unknown command.
You closely miss the deep elf archer.
The deep elf archer is severely wounded.
The deep elf archer completely misses you.
You furiously retaliate!
You headbutt the deep elf archer!!
You kill the deep elf archer!
Cheibriados thoroughly appreciates the change of pace.
The deep elf mage casts a spell at you. The shard of ice hits you!
You die...

**.......# #.# **...,,**
*#......# #.# *...,,**
##.....# #.###..#*+*
##......# #§#....#*,*
##.......# #.§.#e.##.*
##........# #..#.#....*
##.........###)#.∩.#,,,*
.'......(.('(((e#.#e,*,*
##.........###))@#,,**,*
#.........# #.#(..#**,*
#.........# #.###.e..,*
#...?....## #.# *####.#
##......## *#.#** *,*
######+# *...,* *,* *,*
*..#,* *,* *,* *,,*,*
**,* *,* *,,*,****,,*


You could see 2 deep elf archers and a deep elf mage.

Vanquished Creatures
  Rupert (D:14)
  Gastronok (Lair:1)
  Frances (D:13)
  An orc warlord (Orc:1)
  Nessos (D:12)
  A minotaur (Lab)
  Erolcha (Orc:2)
  7 hydras
  5 catoblepae
  3 vault guards (D:14)
  2 centaur warriors
  A rakshasa (D:15)
  Erica (D:11)
  7 death yaks (Lair:6)
  12 two-headed ogres
  3 dancing weapons (Elf:1)
  2 ogre magi
  An orc high priest (Orc:2)
  2 deep elf knights (Elf:1)
  7 skeletal warriors
  A wizard (D:14)
  2 deep trolls (Orc:2)
  An unseen horror (D:13)
  2 deep elf archers (Elf:1)
  A glowing orange brain (D:15)
  5 lindwurms
  2 necromancers (D:14)
  Pikel (D:4)
  An orc knight (Orc:1)
  2 orc sorcerers (Orc:1)
  11 ugly things
  A wolf spider zombie (D:15)
  8 deep elf magi (Elf:1)
  A cyclops (shapeshifter) (D:15)
  5 cyclopes
  7 manticores
  Maurice (D:8)
  9 elephants
  5 black mambas
  2 gargoyles
  An eye of devastation (Lair:5)
  7 spiny frogs
  4 yaktaurs
  6 komodo dragons
  2 kobold demonologists
  3 rime drakes
  The ghost of Americanboy the Magician, a novice DEFE (D:4)
  4 jumping spiders (Lair:4)
  A polar bear (Lair:2)
  A meliai (shapeshifter) (D:15)
  12 trolls
  Prince Ribbit (D:6)
  6 hornets
  6 slime creatures
  9 hippogriffs
  3 bog bodies (Lair:2)
  12 blink frogs
  A spriggan (D:8)
  3 wyverns
  3 redbacks (Lair:4)
  A shadow (D:14)
  2 vampires (D:15)
  A wraith (D:14)
  67 yaks
  5 basilisks
  17 humans (D:14)
  9 vampire mosquitoes
  A hungry ghost (D:15)
  3 swamp worms (Lair:2)
  A warg (Orc:2)
  A soldier ant (D:15)
  An acid dragon (D:15)
  13 water moccasins
  A swamp worm (shapeshifter) (D:15)
  A floating eye (shapeshifter) (D:15)
  21 orc warriors
  12 porcupines
  A slave (D:4)
  A necrophage (D:7)
  3 sky beasts
  23 ogres
  2 eyes of draining
  17 wolves
  10 centaurs
  19 crocodiles
  2 big kobolds (Sewer)
  13 bullfrogs
  2 scorpions (D:7)
  A wyvern skeleton (D:14)
  5 wights (D:8)
  2 electric eels
  A howler monkey (D:8)
  6 crimson imps
  2 bullfrog zombies
  5 jellies
  21 orc wizards
  A quasit (D:11)
  14 orc priests
  7 hounds
  4 bullfrog skeletons
  9 centaur skeletons
  Terence (D:3)
  4 iguanas
  10 worker ants
  A bullfrog simulacrum (D:4)
  2 centaur simulacra (D:4)
  3 hound skeletons
  A howler monkey zombie (D:5)
  Robin (D:3)
  20 adders
  3 shadow imps
  A white imp (D:4)
  An adder zombie (D:6)
  2 adder skeletons
  10 worms
  An adder simulacrum (D:4)
  A dart slug (D:3)
  7 leopard geckos
  70 orcs
  14 bats
  2 giant cockroaches (D:3)
  19 goblins
  11 hobgoblins
  7 jackals
  5 quokkas
  6 ball pythons
  3 frilled lizards
  16 kobolds
  A quokka simulacrum (D:4)
  14 rats
779 creatures vanquished.

Vanquished Creatures (others)
  A hydra (D:13)
  An ogre mage (Orc:2)
  A centaur skeleton (D:13)
  A redback zombie (D:13)
  2 ogres (Orc:2)
  2 orcs
  5 fungi
  37 plants
50 creatures vanquished.

Grand Total: 829 creatures vanquished

Notes
Turn   | Place    | Note
-------+----------+-------------------------------------------
     0 | D:1      | Terandir the Minotaur Fighter began the quest for the Orb.
     0 | D:1      | Reached XP level 1. HP: 19/19 MP: 0/0
   159 | D:1      | Reached XP level 2. HP: 27/27 MP: 1/1
   244 | D:1      | Reached skill level 4 in Fighting
   278 | D:1      | Found a shattered altar of Ashenzari.
   405 | D:1      | Reached skill level 1 in Dodging
   499 | D:1      | Reached XP level 3. HP: 33/33 MP: 2/2
  1195 | D:2      | Reached XP level 4. HP: 31/41 MP: 3/3
  1495 | D:3      | Noticed an ogre
  1514 | D:3      | Killed an ogre
  1514 | D:3      | Reached XP level 5. HP: 37/47 MP: 4/4
  1516 | D:3      | Noticed Terence
  1518 | D:3      | Reached skill level 5 in Armour
  1530 | D:3      | Killed Terence
  1639 | D:3      | Noticed Robin
  1646 | D:3      | Reached skill level 5 in Long Blades
  1646 | D:3      | Reached XP level 6. HP: 15/53 MP: 5/5
  1650 | D:3      | Killed Robin
  1653 | D:3      | HP: 1/53 [goblin/dagger[Robin] (2)]
  2343 | D:3      | Found a faded altar of an unknown god.
  2731 | D:4      | Found a glowing drain.
  2799 | Sewer    | Entered a sewer
  2807 | Sewer    | Reached skill level 5 in Fighting
  2859 | Sewer    | Reached XP level 7. HP: 51/61 MP: 6/6
  3542 | D:4      | Noticed Americanboy's ghost (novice DEFE)
  3568 | D:4      | Found a runed gate.
  3568 | D:4      | Found a runed gate.
  3568 | D:4      | Found a runed gate.
  3587 | D:4      | Killed Americanboy's ghost
  3587 | D:4      | Reached XP level 8. HP: 67/69 MP: 7/7
  3685 | D:4      | Noticed Pikel
  3704 | D:4      | Killed Pikel
  3704 | D:4      | Reached skill level 6 in Fighting
  4264 | D:5      | Entered Level 5 of the Dungeon
  4817 | D:5      | Found a snail-covered altar of Cheibriados.
  4829 | D:5      | Became a worshipper of Cheibriados the Contemplative
  5142 | D:6      | Reached XP level 9. HP: 78/78 MP: 8/8
  5169 | D:6      | Noticed Prince Ribbit
  5373 | D:6      | Found a sacrificial altar of Ru.
  5427 | D:6      | Found a glowing golden altar of the Shining One.
  5491 | D:6      | Killed Prince Ribbit
  5491 | D:6      | Reached * piety under Cheibriados
  5491 | D:6      | Reached skill level 1 in Invocations
  5604 | D:6      | Found an ancient bone altar of Kikubaaqudgha.
  5650 | D:6      | Found a staircase to the Ecumenical Temple.
  5662 | D:6      | Reached skill level 10 in Long Blades
  5843 | D:6      | Found a bloodstained altar of Trog.
  5852 | D:6      | Reached skill level 5 in Dodging
  6062 | D:7      | Reached skill level 7 in Fighting
  6191 | D:7      | Found a glowing silver altar of Zin.
  6212 | D:7      | Reached ** piety under Cheibriados
  6452 | D:7      | Found a hide-covered altar of Uskayaw.
  6638 | D:8      | Reached XP level 10. HP: 88/88 MP: 9/11
  6639 | D:8      | Noticed a manticore
  6646 | D:8      | Killed a manticore
  6816 | D:8      | Reached *** piety under Cheibriados
  6816 | D:8      | Reached skill level 8 in Fighting
  6864 | D:8      | Found a staircase to the Lair.
  6866 | D:8      | Found Wifeh's Book Shoppe.
  6995 | D:8      | Noticed Maurice
  7008 | D:8      | Killed Maurice
  7046 | D:8      | Found a shimmering altar of Xom.
  7292 | D:8      | Found a sparkling altar of Nemelex Xobeh.
  7620 | D:8      | Reached skill level 9 in Fighting
  7620 | D:8      | Reached skill level 10 in Armour
  8282 | D:9      | Reached **** piety under Cheibriados
  8948 | D:10     | Entered Level 10 of the Dungeon
  9210 | D:10     | Noticed a two-headed ogre
  9221 | D:10     | Killed a two-headed ogre
  9221 | D:10     | Reached XP level 11. HP: 20/97 MP: 11/13
  9710 | D:10     | Learned a level 2 spell: Song of Slaying
 10119 | D:11     | Noticed a two-headed ogre
 10134 | D:11     | Killed a two-headed ogre
 10326 | D:11     | Noticed Erica
 10331 | D:11     | Killed Erica
 10801 | Lair:1   | Entered Level 1 of the Lair of Beasts
 10829 | Lair:1   | Found a labyrinth entrance.
 10843 | Lab      | Entered a labyrinth
 11248 | Lab      | Noticed a minotaur
 11263 | Lab      | Killed a minotaur
 11263 | Lab      | Reached skill level 10 in Fighting
 11428 | Lab      | Got an ichor-stained robe
 11434 | Lair:1   | Identified the +2 robe of Activism {*Corrode rC+++ Stlth+} (You found it in a labyrinth)
 11470 | Lair:1   | Noticed Gastronok
 11487 | Lair:1   | Killed Gastronok
 11592 | Lair:1   | Noticed a six-headed hydra
 11603 | Lair:1   | Killed a two-headed hydra
 11603 | Lair:1   | Reached skill level 5 in Invocations
 11910 | Lair:1   | Reached XP level 12. HP: 108/108 MP: 14/14
 12087 | Lair:1   | Reached ***** piety under Cheibriados
 12101 | Lair:1   | Noticed a seven-headed hydra
 12107 | Lair:1   | Killed a three-headed hydra
 12107 | Lair:1   | Reached skill level 11 in Fighting
 12869 | Lair:2   | Found a glowing silver altar of Zin.
 13170 | Lair:2   | Found a staircase to the Swamp.
 13809 | Lair:3   | Reached skill level 15 in Long Blades
 13825 | Lair:3   | Reached skill level 12 in Fighting
 14737 | Lair:3   | Got a fine silver ring
 14740 | Lair:3   | Identified the ring "Qeluni" {Str+4 Stlth+} (You found it on level 3 of the Lair of Beasts)
 14843 | Lair:4   | Noticed a four-headed hydra
 14850 | Lair:4   | Killed a two-headed hydra
 14850 | Lair:4   | Reached XP level 13. HP: 95/119 MP: 16/16
 15059 | Lair:4   | Reached ****** piety under Cheibriados
 15492 | Lair:4   | Found a hole to the Spider Nest.
 15918 | Lair:5   | Reached skill level 13 in Fighting
 15943 | Lair:5   | Found a staircase to the Slime Pits.
 16493 | Lair:5   | Paralysed by a hornet for 1 turns
 16784 | Lair:6   | Entered Level 6 of the Lair of Beasts
 16941 | Lair:6   | Identified the +8 chain mail "Yczub" {rF+ MP+9 Str+2} (You found it on level 6 of the Lair of Beasts)
 16975 | Lair:6   | Reached XP level 14. HP: 126/130 MP: 18/18
 17153 | Lair:6   | Reached skill level 14 in Fighting
 18069 | D:11     | Found the +6 Majin-Bo {vamp, Archmagi MP+6 Int+6}
 18516 | D:12     | Reached skill level 10 in Dodging
 18542 | D:12     | Paralysed by a hornet for 2 turns
 18586 | D:12     | Found a portal to a secret trove of treasure.
 18628 | D:12     | Found Kum Kuod's Book Shop.
 18766 | D:12     | Found a staircase to the Orcish Mines.
 18776 | D:12     | Found a corrupted altar of Lugonu.
 18868 | D:12     | Noticed Nessos
 18876 | D:12     | Killed Nessos
 18876 | D:12     | Reached skill level 15 in Fighting
 19015 | Orc:1    | Entered Level 1 of the Orcish Mines
 19165 | Orc:2    | Entered Level 2 of the Orcish Mines
 19165 | Orc:2    | Found a staircase to the Elven Halls.
 19327 | Orc:1    | Noticed an orc warlord
 19349 | Orc:1    | Killed an orc warlord
 19349 | Orc:1    | Reached skill level 15 in Armour
 19522 | Orc:1    | Found Wypp's Food Shoppe.
 19746 | Orc:2    | Noticed Erolcha
 19753 | Orc:2    | Killed Erolcha
 19779 | Orc:2    | Reached skill level 16 in Fighting
 19799 | Orc:2    | Reached XP level 15. HP: 94/144 MP: 20/20
 19959 | Orc:2    | Found Jyppaoss's Food Boutique.
 19999 | Orc:2    | Found Amehuut's Antique Weapon Boutique.
 20012 | Orc:2    | Found Puekoxiv's Jewellery Emporium.
 20035 | Orc:2    | Found Pywudd's Armour Shop.
 20498 | D:13     | Noticed Frances
 20509 | D:13     | Killed Frances
 20509 | D:13     | Reached skill level 17 in Fighting
 21499 | D:14     | Reached skill level 18 in Fighting
 21548 | D:14     | Found a gate to the Vaults.
 21574 | D:14     | Identified a scroll of acquirement
 21638 | D:14     | Noticed Rupert
 21643 | D:14     | Killed Rupert
 21785 | D:15     | Entered Level 15 of the Dungeon
 21865 | D:15     | Found a staircase to the Depths.
 22065 | D:15     | Reached XP level 16. HP: 144/159 MP: 22/22
 22155 | D:15     | Paralysed by a floating eye for 3 turns
 22392 | D:15     | Reached skill level 19 in Fighting
 22431 | D:15     | Identified the Collected Works on Flying Self-Knowledge
 22648 | Elf:1    | Entered Level 1 of the Elven Halls
 22766 | Elf:1    | Found a frozen archway.
 22786 | Elf:1    | HP: 7/160 [deep elf mage/shard of ice (8)]
 22787 | Elf:1    | Killed from afar by a deep elf mage

Skill      XL: |  1  2  3  4  5  6  7  8  9 10 11 12 13 14 15 16 |
---------------+-------------------------------------------------+-----
Armour         | 4 5 6 7 8 9 10 11 12 14 15 16 | 16.0
Fighting       | 4 5 6 7 9 10 12 13 16 18 19 | 19.2
Dodging        | 1 2 3 4 5 6 7 8 9 10 11 | 11.3
Long Blades    | 3 4 5 7 9 11 13 14 15 16 17 18 | 18.9
Invocations    | 2 4 5 6 7 8 9 |  9.5
Shields        | |  3.6

Action                   |  1- 3 |  4- 6 |  7- 9 | 10-12 | 13-15 | 16-18 || total
-------------------------+-------+-------+-------+-------+-------+-------++-------
Melee: Long sword        |   103 |   170 |   315 |   152 |       |       ||   740
       Headbutt          |    10 |    34 |    81 |   176 |   375 |    28 ||   704
       Demon blade       |       |       |       |   208 |   810 |       ||  1018
       Scimitar          |       |       |       |    18 |       |       ||    18
       Great sword       |       |       |       |       |    59 |    66 ||   125
Invok: Bend Time         |       |       |       |     1 |       |       ||     1
       Step From Time    |       |       |       |     1 |       |       ||     1
 Abil: Evoke Flight      |       |       |       |     1 |       |       ||     1
Evoke: Wand              |       |       |       |     1 |       |       ||     1
  Use: Scroll            |     3 |     1 |    17 |    12 |     7 |     3 ||    43
       Potion            |       |       |     3 |     3 |     2 |       ||     8
 Stab: Paralysed         |       |       |     1 |       |       |       ||     1
       Petrified         |       |       |       |       |    20 |       ||    20
       Invisible         |       |       |       |       |    18 |       ||    18
       Petrifying        |       |       |       |       |     2 |       ||     2
  Eat: Chunk             |       |     6 |    12 |    11 |    15 |     1 ||    45
       Ration            |       |       |       |     1 |       |       ||     1
Armor: Scale mail        |    46 |   117 |    47 |   119 |    81 |       ||   410
       Chain mail        |       |       |       |       |   230 |    40 ||   270
Dodge: Dodged            |    29 |    84 |    95 |   222 |   539 |    80 ||  1049
Block: Shield            |    51 |   120 |   132 |   218 |   499 |       ||  1020
       Rpst.: Long sword |     5 |    25 |    29 |    19 |       |       ||    78
       Demon blade       |       |       |       |    24 |   100 |       ||   124
       Scimitar          |       |       |       |     1 |       |       ||     1
       Great sword       |       |       |       |       |    11 |    11 ||    22
